 Dungeon Crawl Stone Soup version 0.18.1-50-g88ac8fd (webtiles) character file.

101 DaminKnight the Shooter (level 4, -11/22 HPs)
             Began as a Spriggan Hunter on Oct 21, 2016.
             Killed by divine providence
             ... invoked by an orc priest
              (14 damage)
             ... on level 3 of the Dungeon.
             The game lasted 00:11:40 (2126 turns).

DaminKnight the Shooter (Spriggan Hunter)           Turns: 2126, Time: 00:11:40

Health: -11/22     AC:  3    Str:  8    XL:     4   Next: 48%
Magic:  5/5        EV: 18    Int: 12    God:
Gold:   84         SH:  0    Dex: 17    Spells: 0 memorised, 3 levels left

rFire  . . .     SeeInvis +     a - +1 shortbow
rCold  . . .     Gourm    .     c - +0 robe
rNeg   . . .     Faith    +     (shield currently unavailable)
rPois  .         Spirit   .     (helmet restricted)
rElec  .         Dismiss  .     (no cloak)
rCorr  .         Reflect  .     (gloves unavailable)
SustAt .         Harm     .     (boots unavailable)
MR     .....                    o - amulet of faith
Stlth  +++.......               (no ring)
                                p - +1 ring of protection

@: very quick, not resistant to hostile enchantments, fairly stealthy
A: unfitting armour, see invisible, herbivore 3, speed 3, slow metabolism 2
a: no special abilities


You were on level 3 of the Dungeon.
You were not hungry.

You visited 1 branch of the dungeon, and saw 3 of its levels.

You collected 84 gold pieces.

Inventory:

Hand Weapons
 a - a +1 shortbow (weapon)
 b - a +0 short sword
Missiles
 d - 33 arrows (quivered)
Armour
 c - a +0 robe (worn)
Jewellery
 o - an amulet of faith (around neck)
 p - a +1 ring of protection (left hand)
Scrolls
 e - 3 scrolls of identify {unknown}
 j - 2 scrolls of magic mapping {unknown}
 k - a scroll of fog {unknown}
 l - 2 scrolls of teleportation {unknown}
 q - a scroll of fear {unknown}
 s - a scroll of remove curse {unknown}
Potions
 g - a potion of lignification {unknown}
 i - 2 potions of heal wounds {unknown}
 n - a potion of degeneration {unknown}
 r - a potion of mutation {unknown}
Comestibles
 f - 3 bread rations
 h - a slice of pizza
 m - 3 fruits


   Skills:
 - Level 1.5 Fighting
 + Level 6.5 Bows
 + Level 3.3 Dodging
 * Level 3.6 Stealth


You had 3 spell levels left.
You didn't know any spells.

Dungeon Overview and Level Annotations

Branches:
Dungeon (3/15)

Altars:
Okawaru


Innate Abilities, Weirdness & Mutations

You are tiny and cannot use many weapons and most armour.
You have supernaturally acute eyesight.
You are a herbivore.
You cover ground extremely quickly.
You need consume almost no food.


Message History

Ouch! That really hurt!
* * * LOW HITPOINT WARNING * * *
Firing (i - inventory):
d - 36 arrows (quivered)
Press: ? - help, Shift-Dir - straight line, f/p - orc priest
Aim: an orc priest, wielding a war axe and wearing a scale mail (lightly wounded)
You shoot an arrow. The arrow hits the orc priest.
The orc priest is heavily wounded.
Firing (i - inventory):
d - 35 arrows (quivered)
Press: ? - help, Shift-Dir - straight line, f/p - orc priest
Aim: an orc priest, wielding a war axe and wearing a scale mail (heavily wounded)
You shoot an arrow. The arrow barely misses the orc priest.
Firing (i - inventory):
d - 34 arrows (quivered)
Press: ? - help, Shift-Dir - straight line, f/p - orc priest
Aim: an orc priest, wielding a war axe and wearing a scale mail (heavily wounded)
You shoot an arrow. The arrow hits the orc priest!
The orc priest is almost dead.
The orc priest calls down the wrath of Beogh upon you.
Beogh smites you!
Ouch! That really hurt!
You die...

####################
#..@.....#....#....†
##........'....'.....
#...o(....#....#.....
#...(.'####....#.....
#....o'# #....#.....
#.....'####..........
#...(.....#####...###
#.........#........##
##....(...#..........


You could see an orc priest and an orc.

Vanquished Creatures
  3 adders
  3 oozes
  2 worms (D:2)
  A dart slug (D:1)
  3 giant geckos
  4 orcs (D:3)
  6 bats
  A giant cockroach (D:1)
  A goblin (D:3)
  4 hobgoblins
  3 jackals (D:1)
  4 quokkas (D:2)
  2 ball pythons
  A giant newt (D:1)
  4 kobolds
  5 rats
47 creatures vanquished.

Notes
Turn   | Place    | Note
--------------------------------------------------------------
     0 | D:1      | DaminKnight the Spriggan Hunter began the quest for the Orb.
     0 | D:1      | Reached XP level 1. HP: 10/10 MP: 2/2
    47 | D:1      | Reached skill level 5 in Bows
   242 | D:1      | Reached XP level 2. HP: 14/14 MP: 3/3
   863 | D:2      | Reached XP level 3. HP: 9/18 MP: 4/4
  1006 | D:2      | Reached skill level 6 in Bows
  1129 | D:2      | Found an iron altar of Okawaru.
  1668 | D:2      | Reached XP level 4. HP: 22/22 MP: 5/5
  2126 | D:3      | Killed from afar by an orc priest

Skill      XL: |  1  2  3 |
---------------+----------+-----
Bows           | 5 6 |  6.5
Stealth        | 2 3 |  3.6
Fighting       | |  1.5
Dodging        | |  3.3

Action                   |  1- 3 |  4- 6 || total
-------------------------+-------+-------++-------
 Fire: Shortbow          |   109 |    40 ||   149
Armor: Robe              |     2 |       ||     2
Dodge: Dodged            |    37 |     9 ||    46
